Map: 2000 Atmospheres LE

Players

Semper

  • Race: Terran Terran

Astrea - Winner!

  • Race: Protoss Protoss

Event: DreamHack SC2 Masters 2021 Winter

VOD

Have the link to the VOD?

Description

Time

  • Played on: Oct. 7, 2021, 5:22 p.m.
  • Length: 11:23

All games in this series

Show
View Real Time Build Order
Export as new Build Order

Semper Terran 

Build Orders: Reaper Expand 

Get SALT Encoding   

  12  0:00  SCV  
  13  0:12  SCV  
  14  0:17  Supply Depot  
  14  0:24  SCV  
  15  0:39  SCV  
  15  0:40  Barracks  
  16  0:47  Refinery  
  16  0:51  SCV  
  17  1:03  SCV  
  18  1:09  Engineering Bay  
  18  1:15  SCV  
  19  1:28  Orbital Command  
  19  1:36  Reaper  
  20  1:51  Command Center  
  20  1:55  SCV  
  21  2:05  Supply Depot  
  21  2:08  Barracks Reactor  
  21  2:11  SCV  
  22  2:16  Barracks  
  22  2:22  Bunker  
  22  2:25  SCV  
  23  2:32  Barracks  
  23  2:42  SCV  
  23  2:45  Marine x2  
  25  2:54  SCV  
  26  2:58  Refinery  
  26  3:03  Orbital Command  
  26  3:04  Barracks Tech Lab, Marine x2  
  28  3:07  SCV  
  29  3:19  Barracks Tech Lab  
  30  3:20  SCV  
  30  3:22  Stimpack  
  30  3:23  Marine x3  
  33  3:29  SCV  
  34  3:39  Marine  
  34  3:40  Combat Shield  
  34  3:41  SCV, Marine x2  
  34  3:42  SCV  
  34  3:45  Marine  
  34  3:47  Supply Depot  
  39  3:53  SCV  
  39  3:55  SCV  
  41  3:59  Marine x2  
  41  4:01  Marauder  
  45  4:05  SCV  
  45  4:09  Marauder, SCV  
  49  4:10  Supply Depot  
  49  4:15  Engineering Bay  
  49  4:18  SCV  
  49  4:19  Marine x2  
  49  4:22  Marine  
  53  4:25  SCV  
  54  4:31  Marine  
  54  4:37  SCV, Marine  
  54  4:38  SCV  
  57  4:47  Marauder, Marine  
  57  4:49  Terran Infantry Weapons Level 1, SCV  
  57  4:50  Factory  
  57  4:52  Supply Depot, Refinery  
  60  4:58  SCV  
  59  5:02  Concussive Shells  
  59  5:03  SCV  
  60  5:07  Supply Depot  
  60  5:10  SCV  
  61  5:15  SCV  
  61  5:19  Marauder x2, Marine x2  
  68  5:22  SCV  
  68  5:27  Supply Depot, SCV  
  70  5:37  Factory Reactor  
  70  5:38  Starport  
  70  5:39  Marine  
  70  5:40  Marine  
  70  5:41  Marauder x2  
  76  5:47  SCV  
  73  5:50  SCV  
  73  5:55  Command Center  
  74  5:57  Marine  
  74  6:03  Marauder  
  77  6:05  SCV  
  77  6:07  Marine  
  77  6:08  Marauder, SCV  
  82  6:17  SCV  
  83  6:20  SCV, Marine  
  83  6:23  Factory Reactor  
  85  6:28  Refinery  
  85  6:29  Supply Depot, SCV  
  85  6:30  Marauder x2, Medivac x2  
  85  6:31  Supply Depot  
  94  6:36  Marine  
  94  6:43  SCV  
  94  6:44  SCV  
  94  6:45  Barracks x2  
  94  6:46  Terran Infantry Armor Level 1  
  96  6:53  Marauder x2  
  100  6:57  Marine  
  100  7:00  Supply Depot  
  101  7:04  Supply Depot  
  101  7:06  Medivac  
  101  7:07  Medivac  
  105  7:10  SCV x2  
  105  7:13  Marine  
  108  7:17  Widow Mine  
  108  7:18  Widow Mine  
  108  7:22  SCV x2  
  115  7:31  Marauder x2  
  115  7:34  SCV x2, Orbital Command  
  120  7:46  Widow Mine x2, SCV  
  120  7:50  Barracks Reactor, Barracks Tech Lab  
  125  7:52  Marauder  
  125  7:53  Medivac  
  103  8:06  SCV  
  103  8:08  Widow Mine  
  103  8:09  Marine x4  
  103  8:11  Widow Mine, SCV x2  
  107  8:14  Marauder  
  107  8:19  SCV  
  109  8:23  SCV  
  110  8:27  Marine x2  
  110  8:28  Marauder x2, SCV  
  110  8:30  Supply Depot, Refinery, Marine  
  110  8:31  Supply Depot, Refinery, Marine  
  110  8:32  Widow Mine x2  
  127  8:35  Marauder, Viking x2  
  128  8:52  Marine x5  
  128  8:53  Marauder  
  124  8:58  Marine  
  123  9:07  Viking x2  
  123  9:08  Widow Mine x2  
  127  9:10  SCV, Marine  
  127  9:11  Marauder  
  127  9:12  SCV  
  127  9:14  Marauder  
  127  9:15  SCV  
  127  9:16  Marauder  
  131  9:22  Engineering Bay, Armory  
  127  9:27  Marine x2  
  127  9:29  Ghost Academy  
  130  9:31  SCV  
  130  9:32  Marauder  
  130  9:34  Command Center  
  130  9:35  Marauder  
  130  9:37  Marauder  
  135  9:43  SCV  
  132  9:50  SCV x2  
  132  9:51  Marine x4  
  126  9:53  Marauder  
  126  9:56  Marine  
  126  9:57  SCV  
  126  9:58  Marine  
  118  10:02  SCV  
  118  10:03  SCV  
  108  10:09  SCV, Marine x4  
  113  10:15  Marauder x2  
  113  10:16  SCV, Marine  
  113  10:18  Medivac x2  
  113  10:20  SCV  
  124  10:24  Command Center  
  124  10:27  Marine x4  
  128  10:33  Widow Mine  
  128  10:34  Marauder, Widow Mine  
  134  10:35  Marine  
  134  10:39  Marine  
  134  10:41  SCV x3  
  139  10:45  Marine x2  
  139  10:46  Marine  
  139  10:47  Marine  
  143  10:53  Ghost  
  143  10:55  Missile Turret  
  143  10:56  Marauder  
  147  10:57  Marine  
  147  11:01  SCV  
  147  11:02  SCV  
  150  11:08  SCV  
Show
View Real Time Build Order
Export as new Build Order

Astrea Protoss - Winner!

Build Orders: 1 Gate Expand, Blink Stalkers 

Get SALT Encoding   

  12  0:00  Probe  
  13  0:12  Probe  
  14  0:16  Pylon  
  14  0:24  Probe (Chrono Boost)  
  16  0:36  Gateway  
  16  0:37  Probe (Chrono Boost)  
  16  0:43  Probe (Chrono Boost)  
  16  0:45  Assimilator  
  17  0:51  Probe  
  18  1:03  Probe  
  19  1:15  Probe  
  20  1:23  Cybernetics Core  
  20  1:34  Probe  
  21  1:40  Nexus  
  21  1:42  Pylon  
  21  1:46  Probe  
  22  1:52  Assimilator  
  22  1:58  Probe  
  22  1:59  Adept (Chrono Boost)  
  22  2:00  Warp Gate  
  25  2:10  Probe  
  26  2:21  Stalker (Chrono Boost)  
  26  2:23  Probe  
  29  2:35  Probe  
  30  2:40  Twilight Council  
  30  2:50  Probe (Chrono Boost)  
  31  2:52  Probe (Chrono Boost)  
  31  2:54  Sentry  
  34  3:01  Probe (Chrono Boost)  
  34  3:03  Gateway, Probe (Chrono Boost)  
  36  3:06  Probe (Chrono Boost)  
  36  3:11  Probe  
  36  3:12  Blink (Chrono Boost)  
  38  3:18  Probe  
  39  3:22  Pylon  
  39  3:23  Probe  
  40  3:30  Probe  
  41  3:35  Probe  
  40  3:42  Probe  
  40  3:46  Nexus  
  40  3:47  Stalker  
  43  3:51  Probe  
  44  3:57  Probe  
  44  3:58  Stalker  
  47  4:03  Robotics Facility, Phoenix, Probe  
  47  4:09  Probe  
  49  4:10  Stalker  
  49  4:12  Shield Battery  
  51  4:17  Probe, Pylon  
  51  4:21  Stalker  
  54  4:32  Assimilator  
  54  4:33  Assimilator  
  54  4:35  Probe x2, Pylon  
  54  4:36  Stalker  
  58  4:45  Stalker  
  60  4:47  Probe  
  60  4:49  Probe  
  62  4:59  Probe  
  63  5:02  Probe  
  63  5:05  Stalker  
  66  5:08  Probe  
  66  5:10  Stalker  
  66  5:11  Probe  
  66  5:12  Observer  
  66  5:14  Probe  
  72  5:20  Probe  
  71  5:23  Probe, Pylon  
  71  5:26  Robotics Bay, Probe  
  71  5:27  Gateway  
  73  5:30  Gateway  
  73  5:32  Probe  
  74  5:35  Probe  
  74  5:38  Immortal (Chrono Boost), Probe  
  80  5:43  Observer  
  80  5:44  Probe  
  80  5:45  Stalker x2  
  80  5:48  Probe  
  84  5:50  Probe  
  84  5:54  Pylon  
  84  5:56  Probe  
  86  6:02  Probe  
  85  6:05  Observer  
  85  6:06  Probe  
  85  6:09  Forge  
  86  6:12  Colossus (Chrono Boost)  
  86  6:13  Gateway x2  
  86  6:14  Pylon  
  86  6:16  Extended Thermal Lance  
  92  6:19  Probe x3  
  92  6:23  Assimilator  
  92  6:25  Assimilator  
  94  6:32  Observer, Probe  
  95  6:36  Pylon  
  95  6:37  Probe x2  
  97  6:40  Protoss Ground Weapons Level 1 (Chrono Boost)  
  97  6:44  Sentry  
  97  6:45  Observer, Probe  
  100  6:48  Gateway  
  100  6:49  Probe, Pylon  
  100  6:50  Gateway  
  100  6:53  Pylon  
  101  6:54  Colossus (Chrono Boost)  
  101  6:58  Pylon  
  101  7:01  Pylon  
  107  7:02  Charge  
  107  7:03  Stalker x2  
  111  7:13  Zealot x4  
  119  7:22  Dark Shrine  
  119  7:27  Pylon  
  119  7:31  Colossus (Chrono Boost)  
  119  7:34  Zealot x5  
  135  7:41  Zealot  
  137  7:44  Pylon  
  137  7:45  Pylon  
  137  7:47  Pylon  
  137  7:55  Stalker x4  
  131  8:12  Warp Prism (Chrono Boost)  
  127  8:18  Robotics Facility  
  129  8:20  Zealot x5  
  129  8:25  Nexus  
  129  8:26  Pylon  
  138  8:35  Forge  
  138  8:37  Observer (Chrono Boost)  
  133  8:53  Stalker x8  
  139  9:04  Probe x2  
  139  9:07  Protoss Ground Weapons Level 2 (Chrono Boost)  
  139  9:10  Protoss Ground Armor Level 1 (Chrono Boost), Probe  
  138  9:18  Shadow Stride (Chrono Boost)  
  138  9:20  Probe x2  
  138  9:21  Zealot  
  140  9:26  Dark Templar  
  140  9:28  Disruptor x2  
  144  9:35  Probe x2  
  146  9:47  Zealot x6, Dark Templar  
  146  9:50  Probe  
  158  9:56  Disruptor  
  158  9:59  Probe  
  157  10:03  Probe  
  157  10:04  Disruptor  
  152  10:11  Assimilator  
  152  10:12  Photon Cannon, Assimilator  
  150  10:15  Shield Battery  
  150  10:17  Gravitic Boosters  
  150  10:24  Dark Templar x5  
  150  10:27  Zealot x3  
  166  10:34  Gateway  
  166  10:35  Disruptor  
  169  10:37  Gateway  
  169  10:52  Gateway x2  
  169  10:57  Nexus  
  169  11:09  Archon  
  164  11:11  Zealot x4, Dark Templar  
  164  11:12  Zealot x3  

Tags
 
Add a new tag
Caveats
  • Supply blocks, unpowered buildings, or Contaminate may cause inaccurate times.
  • Supply counts are checked every 10 seconds.